 Dungeon Crawl Stone Soup version 0.25.1-2-g60ff931df9 (webtiles) character file.

Game seed: 448534418762032642

179 gruber the Conjurer (level 5, -1/35 HPs)
             Began as a Demonspawn Wizard on Sept 21, 2020.
             Slain by Crazy Yiuf
             ... wielding a +3 quarterstaff of chaos
              (12 damage)
             ... on level 2 of the Dungeon.
             The game lasted 00:03:32 (2821 turns).

gruber the Conjurer (Demonspawn Wizard)             Turns: 2821, Time: 00:03:32

Health: -1/35      AC:  2    Str:  8    XL:     5   Next: 32%
Magic:  3/9        EV: 12    Int: 20    God:
Gold:   178        SH:  0    Dex: 13    Spells: 2/10 levels left

rFire    . . .     SeeInvis .   n - +2 short sword (venom)
rCold    . . .     Gourm    .   (no shield)
rNeg     . . .     Faith    .   a - +0 robe
rPois    .         Spirit   .   b - +0 hat
rElec    .         Reflect  .   (no cloak)
rCorr    .         Harm     .   (no gloves)
MR       .....                  (no boots)
Stlth    ++........             (no amulet)
HPRegen  0.11/turn              (no ring)
MPRegen  0.11/turn              (no ring)

@: no status effects
A: hooves 1, thin skeletal structure 1, powered by death 1
a: no special abilities


You were on level 2 of the Dungeon.
You were hungry.

You visited 1 branch of the dungeon, and saw 2 of its levels.

You collected 178 gold pieces.

Inventory:

Hand Weapons
 n - a +2 short sword of venom (weapon)
Armour
 a - a +0 robe (worn)
 b - a +0 hat (worn)
Scrolls
 c - a scroll of magic mapping {unknown}
 e - a scroll of fog {unknown}
 f - 2 scrolls of fear {unknown}
 i - a scroll of enchant weapon {unknown}
 j - 5 scrolls of identify {unknown}
 k - a scroll of amnesia {unknown}
Potions
 g - a potion of invisibility {unknown}
 h - a potion of might {unknown}
 m - a potion of curing {unknown}
Comestibles
 d - 6 rations


   Skills:
 - Level 1.7 Dodging
 - Level 1.7 Stealth
 * Level 3.0 Spellcasting
 - Level 5.0 Conjurations
 - Level 1.0 Summonings
 - Level 1.0 Translocations
 - Level 1.1 Fire Magic


You had 2 spell levels left.
You knew the following spells:

 Your Spells              Type           Power        Failure   Level  Hunger
a - Magic Dart            Conj           ###.         1%          1    None
b - Call Imp              Summ           #.......     14%         2    ##.....
c - Blink                 Tloc           N/A          14%         2    ##.....
d - Conjure Flame         Conj/Fire      ###.....     12%         3    ###....

Your spell library contained the following spells:

 Spells                   Type           Power        Failure   Level  Hunger
 Slow                     Hex            #.......     22%         2    ##.....
 Mephitic Cloud           Conj/Pois/Air  #.......     22%         3    ###....


Dungeon Overview and Level Annotations

Branches:
Dungeon (2/15)

Altars:
Qazlal

Annotations:
D:2 Crazy Yiuf


Innate Abilities, Weirdness & Mutations

You have large cloven feet.
You have a somewhat thin skeletal structure. (Dex +2, Stealth)
You regenerate a little health from kills.


Message History

Crazy Yiuf hits your crimson imp with a +3 quarterstaff of chaos!
Crazy Yiuf freezes your crimson imp.
Your crimson imp dies!
Crazy Yiuf hits you with a +3 quarterstaff of chaos.
Crazy Yiuf burns you.
Casting: Blink (safe; 14% risk of failure)
Confirm with . or Enter, or press ? or * to list all spells.
You don't know that spell.
Casting: Blink (safe; 14% risk of failure)
Confirm with . or Enter, or press ? or * to list all spells.
You blink.
Crazy Yiuf hits you with a +3 quarterstaff of chaos!
* * * LOW HITPOINT WARNING * * *
Crazy Yiuf laughs, "Lugonu hog pontify!"
Your magical contamination has completely faded away.
Crazy Yiuf says, "Trifle bag sow!"
Crazy Yiuf cries, "Seed bag verde!"
Crazy Yiuf twirls on the spot.
Crazy Yiuf hits you with a +3 quarterstaff of chaos!
You die...

#.#########.#####
#................
############.####
#..# # ##.### #..##
##.##
################.##
#.@...............#
#g###############.#
#.# #.# #.# #.# #.#
#)# #.# #.. #.# ##.
#.# #. #.# ##.


You could see Crazy Yiuf.

Vanquished Creatures
  An ogre (D:1)
  3 adders (D:2)
  An ooze (D:2)
  2 worms (D:2)
  A dart slug (D:2)
  2 leopard geckos
  5 bats
  4 giant cockroaches
  8 goblins
  6 hobgoblins (D:1)
  2 jackals (D:2)
  4 kobolds
  3 frilled lizards
  5 rats
47 creatures vanquished.

Notes
Turn   | Place    | Note
-------+----------+-------------------------------------------
     0 | D:1      | gruber the Demonspawn Wizard began the quest for the Orb.
     0 | D:1      | Reached XP level 1. HP: 13/13 MP: 4/4
   157 | D:1      | Reached skill level 2 in Conjurations
   158 | D:1      | Gained mutation: You have a somewhat thin skeletal
                  | structure. (Dex +2, Stealth) [demonic ancestry]
   158 | D:1      | Reached XP level 2. HP: 19/19 MP: 0/6
  1180 | D:2      | Noticed an ogre
  1185 | D:2      | Reached skill level 3 in Conjurations
  1185 | D:2      | Reached XP level 3. HP: 24/24 MP: 1/7
  1219 | D:2      | Learned a level 2 spell: Call Imp
  1226 | D:2      | Learned a level 2 spell: Blink
  1230 | D:2      | Learned a level 3 spell: Conjure Flame
  1466 | D:1      | Killed an ogre
  1466 | D:1      | Reached skill level 4 in Conjurations
  1466 | D:1      | Gained mutation: You have large cloven feet. [demonic
                  | ancestry]
  1466 | D:1      | Reached XP level 4. HP: 30/30 MP: 1/8
  1569 | D:2      | Gained mutation: You regenerate a little health from kills.
                  | [demonic ancestry]
  1569 | D:2      | Reached XP level 5. HP: 31/35 MP: 3/9
  1908 | D:2      | Reached skill level 5 in Conjurations
  2059 | D:2      | Reached skill level 1 in Translocations
  2218 | D:2      | Found a stormy altar of Qazlal.
  2328 | D:2      | Reached skill level 1 in Fire Magic
  2667 | D:2      | Found a runed translucent door.
  2668 | D:2      | Noticed Crazy Yiuf
  2821 | D:2      | Slain by Crazy Yiuf

Illustrated notes

Levels and vault maps discovered:
D:1:      matt_arrival_grand_opening, layout_loops_ring
D:2:      layout_basic, first_ration, nicolae_qazlal_eye_of_the_storm,
          uniq_crazy_yiuf_cottage

Skill      XL: |  1  2  3  4  5 |
---------------+----------------+-----
Conjurations   | 2 3 4 5 |  5.0
Translocations | 1 |  1.0
Fire Magic     | 1 |  1.1
Dodging        | |  1.7
Stealth        | |  1.7
Spellcasting   | |  3.0
Summonings     | |  1.0

Action                   |  1- 3 |  4- 6 || total
-------------------------+-------+-------++-------
Melee: Unarmed           |     4 |       ||     4
       Short sword       |       |     4 ||     4
 Cast: Magic Dart        |    67 |    54 ||   121
       Blink             |       |     2 ||     2
       Call Imp          |       |     2 ||     2
  Eat: Chunk             |       |     5 ||     5
Armor: Robe              |     5 |     1 ||     6
Dodge: Dodged            |    15 |     5 ||    20
